 Dungeon Crawl Stone Soup version 0.23-a0-619-g281719c (webtiles) character file.

102 zishaf the Poker (level 4, -3/35 HPs)
             Began as a Merfolk Skald on Dec 23, 2018.
             Was a Follower of the Shining One.
             Killed by divine providence
             ... invoked by an orc priest
              (14 damage)
             ... on level 3 of the Dungeon.
             The game lasted 00:04:48 (2567 turns).

zishaf the Poker (Merfolk Skald)                    Turns: 2567, Time: 00:04:49

Health: -3/35      AC:  3    Str: 12    XL:     4   Next: 78%
Magic:  7/7        EV: 13    Int: 12    God:    the Shining One [*.....]
Gold:   100        SH:  0    Dex: 13    Spells: 1/7 levels left

rFire    . . .     SeeInvis .   a - +0 spear
rCold    . . .     Gourm    .   (no shield)
rNeg     . . .     Faith    .   b - +0 leather armour
rPois    .         Spirit   .   (no helmet)
rElec    .         Reflect  .   (no cloak)
rCorr    .         Harm     .   (no gloves)
MR       .....                  (no boots)
Stlth    +.........             t - amulet of magic regeneration
HPRegen  0.11/turn              (no ring)
MPRegen  0.35/turn              (no ring)

@: glowing
A: change form in water, swift swim, stealthy swim
a: Renounce Religion


You were on level 3 of the Dungeon.
You worshipped the Shining One.
The Shining One was aware of your devotion.
You were hungry.

You visited 1 branch of the dungeon, and saw 3 of its levels.

You collected 100 gold pieces.

Inventory:

Hand Weapons
 a - a +0 spear (weapon)
 g - a +0 hunting sling
Missiles
 k - 2 throwing nets (quivered)
 n - 15 poisoned needles
 p - 29 stones
Armour
 b - a +0 leather armour (worn)
 i - a +0 ring mail
Jewellery
 s - an uncursed amulet of the gourmand
 t - an amulet of magic regeneration (around neck)
Scrolls
 e - 2 scrolls of identify {unknown}
 h - 2 scrolls of teleportation {unknown}
 j - 2 scrolls of remove curse {unknown}
 l - 2 scrolls of immolation {unknown}
Potions
 f - a potion of might {unknown}
 m - a potion of heal wounds {unknown}
 o - a potion of resistance {unknown}
 q - a potion of berserk rage {unknown}
 r - a potion of curing {unknown}
Comestibles
 d - 7 rations


   Skills:
 + Level 3.1 Fighting
 + Level 4.1 Polearms
 - Level 0.1 Throwing
 - Level 0.6 Armour
 + Level 3.9 Dodging
 - Level 2.0 Spellcasting
 + Level 3.7 Charms
 + Level 0.5 Necromancy
 + Level 0.8 Translocations


You had one spell level left.
You knew the following spells:

 Your Spells              Type           Power        Failure   Level  Hunger
a - Infusion              Chrm           ##..         8%          1    ##.....
b - Shroud of Golubria    Chrm/Tloc      #.........   21%         2    ###....
c - Regeneration          Chrm/Necr      #.........   41%         3    ####...

Your spell library contained the following spells:

 Spells                   Type           Power        Failure   Level  Hunger
 Song of Slaying          Chrm           ##......     11%         2    ###....
 Spectral Weapon          Hex/Chrm       #.......     43%         3    ####...


Dungeon Overview and Level Annotations

Branches:
Dungeon (3/15)

Altars:
Uskayaw
The Shining One


Message History

Press: ? - help, Dir - move target cursor, f/p - orc priest
Aim: an orc priest, wielding a +0 flail (severely wounded)
The orc is in the way.
You hit the orc.
You kill the orc!
Attack whom?
Press: ? - help, Dir - move target cursor, f/p - orc priest
Aim: an orc priest, wielding a +0 flail (severely wounded, haloed)
You hit the orc priest.
The orc priest is severely wounded.
The orc priest hits you with a +0 flail.
You hit the orc priest but do no damage.
The orc priest is severely wounded.
A bat comes into view.
The orc priest hits you with a +0 flail.
* * * LOW HITPOINT WARNING * * *
You hit the orc priest.
The orc priest is almost dead.
The orc priest invokes the aid of Beogh against you.
Beogh smites you!
You die...

... ... ...
#.# #.# ##
#b##..##.
#.ooJ....
####@# #....#
#.#### ## #.#
#. #.#
#.###.###...
#......<.....
#.<.#.##.....
#............


You could see an orc priest, an ooze, an orc and a bat.

Vanquished Creatures
  2 adders (D:2)
  2 worms (D:2)
  6 dart slugs (D:1)
  2 leopard geckos (D:2)
  An orc (D:3)
  2 ball pythons (D:2)
  6 bats
  5 giant cockroaches
  6 hobgoblins
  6 jackals (D:1)
  6 kobolds
  A frilled lizard (D:2)
  9 goblins
  3 rats (D:1)
57 creatures vanquished.

Notes
Turn   | Place    | Note
-------+----------+-------------------------------------------
     0 | D:1      | zishaf the Merfolk Skald began the quest for the Orb.
     0 | D:1      | Reached XP level 1. HP: 16/16 MP: 3/3
   129 | D:1      | Reached XP level 2. HP: 7/23 MP: 0/5
   509 | D:1      | Learned a level 2 spell: Shroud of Golubria
   570 | D:1      | Reached XP level 3. HP: 23/28 MP: 1/6
  1101 | D:1      | Learned a level 3 spell: Regeneration
  1304 | D:2      | Reached skill level 4 in Polearms
  1304 | D:2      | Reached XP level 4. HP: 24/34 MP: 2/7
  2118 | D:2      | Found a faded altar of an unknown god.
  2423 | D:3      | Found a hide-covered altar of Uskayaw.
  2423 | D:3      | Noticed a +0 hand axe
  2423 | D:3      | Noticed a +0 hand axe
  2483 | D:2      | Became a worshipper of the Shining One
  2483 | D:2      | Reached * piety under the Shining One
  2567 | D:3      | Killed from afar by an orc priest

Vault maps used:
D:1:      dpeg_arrival_rooms_with_view, minmay_curled_crystal
D:2:      chequers_ecumenical_altar_island, serial_park_tiny_pond,
          minmay_misc_feat_ornament
D:3:      nicolae_ru_great_annihilating_truth, dancing_weapons_uskayaw,
          elyvilon_altar_3, first_ration

Skill      XL: |  1  2  3  4 |
---------------+-------------+-----
Dodging        | 3 |  3.9
Polearms       | 4 |  4.1
Fighting       | 3 |  3.1
Throwing       | |  0.1
Armour         | |  0.6
Spellcasting   | |  2.0
Charms         | |  3.7
Necromancy     | |  0.5
Translocations | |  0.8

Action                   |  1- 3 |  4- 6 || total
-------------------------+-------+-------++-------
Melee: Spear             |   133 |    89 ||   222
 Cast: Infusion          |     4 |     2 ||     6
 Stab: Sleeping          |     1 |       ||     1
  Eat: Chunk             |     1 |     4 ||     5
Armor: Leather armour    |    15 |    13 ||    28
Dodge: Dodged            |    64 |    35 ||    99

Table legend:
 A = Non-vault XP
 B = Vault XP
 C = Vault XP percentage of total XP
 D = Non-vault monster count
 E = Vault monster count
 F = Vault count percentage of total count
                 A         B        C        D         E       F
            +---------+---------+-------+---------+---------+-------
      Total |     142 |       5 |   3.4 |      55 |       2 |   3.5
            +---------+---------+-------+---------+---------+-------
        D:1 |      63 |       5 |   7.4 |      29 |       2 |   6.5
        D:2 |      74 |       0 |   0.0 |      24 |       0 |   0.0
        D:3 |       5 |       0 |   0.0 |       2 |       0 |   0.0
            +---------+---------+-------+---------+---------+-------
